 Dungeon Crawl Stone Soup version 0.20-a0-640-g62ed22f (webtiles) character file.

1530 Klosterheim the Destroyer (level 8, -3/41 HPs)
             Began as a Deep Elf Wizard on Feb 12, 2017.
             Was a Follower of Vehumet.
             Slain by an iguana (13 damage)
             ... on level 6 of the Dungeon.
             The game lasted 00:12:51 (7314 turns).

Klosterheim the Destroyer (Deep Elf Wizard)         Turns: 7314, Time: 00:12:51

Health: -3/41      AC:  5    Str:  4    XL:     8   Next: 55%
Magic:  7/23       EV: 13    Int: 26    God:    Vehumet [*.....]
Gold:   376        SH:  0    Dex: 13    Spells: 17/25 levels left

rFire    . . .     SeeInvis .   p - staff of death (curse)
rCold    . . .     Gourm    .   a - +0 robe
rNeg     + . .     Faith    .   (no shield)
rPois    .         Spirit   .   v - +0 helmet
rElec    .         Reflect  .   l - +0 cloak
rCorr    .         Harm     .   D - +0 pair of gloves
MR       .....                  (no boots)
Stlth    ++........             (no amulet)
Regen    0.2/turn               (no ring)
MPRegen  0.2/turn               (no ring)

@: no status effects
A: no striking features
a: Renounce Religion


You were on level 6 of the Dungeon.
You worshipped Vehumet.
Vehumet was aware of your devotion.
You were hungry.

You visited 2 branches of the dungeon, and saw 7 of its levels.

You collected 376 gold pieces.

Inventory:

Armour
 a - a +0 robe (worn)
 l - a +0 cloak (worn)
 u - the +4 ring mail "Wywyn" {+Blink MR- Regen+ Int+7}
   (You found it on level 4 of the Dungeon)

   It affects your intelligence (+7).
   It affects your resistance to hostile enchantments.
   It lets you blink.
   It increases your rate of regeneration.
 v - a +0 helmet (worn)
 D - a +0 pair of gloves (worn)
Magical Staves
 p - a cursed staff of death (weapon)
Wands
 t - a wand of flame (21/48)
 w - a wand of digging (6/24)
 y - a wand of confusion (9/48)
Scrolls
 b - a scroll of enchant armour {unknown}
 e - 9 scrolls of teleportation {unknown}
 i - 4 scrolls of remove curse {unknown}
 k - a scroll of fog {unknown}
 o - a scroll of immolation {unknown}
 q - 4 scrolls of identify {unknown}
 r - a scroll of magic mapping {unknown}
 x - a scroll of blinking {unknown}
 z - a scroll of vulnerability {unknown}
Potions
 f - a potion of curing
 g - a potion of brilliance {unknown}
 h - 2 potions of agility {unknown}
 n - a potion of flight {unknown}
 s - a potion of magic {unknown}
 B - 2 potions of lignification {unknown}
 C - a potion of haste {unknown}
Books
 c - a book of Minor Magic

   Spells                             Type                      Level
   a - Magic Dart                     Conjuration                  1
   b - Blink                          Translocation                2
   c - Call Imp                       Summoning                    2
   d - Slow                           Hexes                        2
   e - Conjure Flame                  Conjuration/Fire             3
   f - Mephitic Cloud                 Conjuration/Poison/Air       3
Comestibles
 d - 3 bread rations
 j - 3 royal jellies
 m - 2 meat rations


   Skills:
 - Level 2.5 Dodging
 - Level 2.4 Stealth
 + Level 9.0 Spellcasting
 * Level 9.7 Conjurations
 - Level 1.1 Summonings
 - Level 1.1 Translocations


You had 17 spell levels left.
You knew the following spells:

 Your Spells              Type           Power        Failure   Level  Hunger
a - Magic Dart            Conj           ####         1%          1    None
b - Call Imp              Summ           ###.....     6%          2    None
c - Blink                 Tloc           N/A          6%          2    None
d - Mephitic Cloud        Conj/Pois/Air  ####....     4%          3    None


Dungeon Overview and Level Annotations

Branches:
Dungeon (6/15)             Temple (1/1) D:4

Altars:
Cheibriados
Elyvilon
Fedhas
Makhleb
Okawaru
Qazlal
Ru
Sif Muna
Vehumet
Zin


Message History

Aiming: Magic Dart
Press: ? - help, Shift-Dir - straight line, f/p - iguana
Aim: an iguana (moderately wounded)
The magic dart hits the iguana.
The iguana is moderately wounded.
The iguana bites you!
Casting: Magic Dart
Confirm with . or Enter, or press ? or * to list all spells.
Aiming: Magic Dart
Press: ? - help, Shift-Dir - straight line, f/p - iguana
Aim: an iguana (moderately wounded)
The magic dart hits the iguana.
The iguana is moderately wounded.
The iguana bites you!
* * * LOW HITPOINT WARNING * * *
Casting: Magic Dart
Confirm with . or Enter, or press ? or * to list all spells.
A beastly little devil appears in a puff of flame.
The iguana bites you!
You die...

# .... ### .........#
..######..........#.
..'....+...........
..####≈#..........##
..+...§†...........
..####.#..........######
..####.#........l.......
....##.#........@.########
....##5##.......#.#......#
....##.##.....5.#........#
....##.##................#
....##.##................#
....##.##................#
....##.##................#
....##.##................#
....##.##.#####.##..######


You could see an iguana and a friendly crimson imp.

Vanquished Creatures
  A sky beast (D:6)
  2 ogres (D:6)
  A phantom (D:6)
  A centaur (D:5)
  4 bullfrogs
  A scorpion (D:4)
  A howler monkey (D:4)
  A bullfrog zombie (D:5)
  A hound (D:5)
  4 orc wizards
  Crazy Yiuf (D:4)
  3 worker ants
  A hound zombie (D:6)
  Robin (D:4)
  7 gnolls
  6 adders
  An ooze (D:1)
  2 worms
  A dart slug (D:4)
  6 leopard geckos
  12 orcs
  A ball python (D:5)
  6 giant cockroaches
  10 goblins
  10 hobgoblins
  3 jackals
  4 quokkas
  5 bats
  4 frilled lizards
  8 kobolds
  11 rats
120 creatures vanquished.

Vanquished Creatures (collateral kills)
  The ghost of Klosterheim the Destroyer, a novice DEWz of Vehumet (D:5)
  An iguana (D:3)
  A jackal (D:2)
3 creatures vanquished.

Vanquished Creatures (others)
  An ooze (D:1)
  6 goblins (D:4)
  A hobgoblin (D:4)
8 creatures vanquished.

Grand Total: 131 creatures vanquished

Notes
Turn   | Place    | Note
-------+----------+-------------------------------------------
     0 | D:1      | Klosterheim the Deep Elf Wizard began the quest for the Orb.
     0 | D:1      | Reached XP level 1. HP: 10/10 MP: 7/7
   194 | D:1      | Reached XP level 2. HP: 15/15 MP: 6/9
   573 | D:1      | Reached skill level 5 in Spellcasting
   922 | D:1      | Reached XP level 3. HP: 19/19 MP: 9/11
  1943 | D:2      | Reached XP level 4. HP: 24/24 MP: 9/13
  2169 | D:2      | Found a stormy altar of Qazlal.
  2242 | D:2      | Learned a level 2 spell: Call Imp
  2245 | D:2      | Learned a level 2 spell: Blink
  2249 | D:2      | Learned a level 3 spell: Mephitic Cloud
  3028 | D:3      | Found a stormy altar of Qazlal.
  3279 | D:3      | Reached XP level 5. HP: 28/28 MP: 4/15
  3545 | D:4      | Found a runed door.
  3773 | D:4      | Reached skill level 5 in Conjurations
  3936 | D:4      | Reached XP level 6. HP: 32/32 MP: 10/17
  3972 | D:4      | Got a spiked ring mail
  3983 | D:4      | Identified the +4 ring mail "Wywyn" {+Blink MR- Regen+ Int+7} (You found it on level 4 of the Dungeon)
  3990 | D:4      | Noticed Robin
  4148 | D:4      | Killed Robin
  4220 | D:4      | Found a staircase to the Ecumenical Temple.
  4356 | Temple   | Entered the Ecumenical Temple
  4388 | Temple   | Became a worshipper of Vehumet
  4519 | D:4      | Noticed Crazy Yiuf
  4525 | D:4      | Killed Crazy Yiuf
  4750 | D:5      | Entered Level 5 of the Dungeon
  4967 | D:5      | Found a sacrificial altar of Ru.
  5272 | D:5      | Noticed Klosterheim's ghost (novice DEWz)
  5347 | D:6      | Reached XP level 7. HP: 32/36 MP: 8/19
  5860 | D:6      | Found a glowing silver altar of Zin.
  6462 | D:6      | Reached XP level 8. HP: 9/41 MP: 2/22
  6579 | D:5      | Killed Klosterheim's ghost
  6866 | D:5      | Found a snail-covered altar of Cheibriados.
  6911 | D:5      | Reached * piety under Vehumet
  6911 | D:5      | Offered knowledge of Freeze by Vehumet.
  7314 | D:6      | Slain by an iguana

Vault maps used:
D:1:      shiori_arrival_oz, minivault_5, minmay_misc_feat_nine_boxes
D:2:      lemuel_coloured_pillars_altar, solitary_fountain
D:3:      first_bread, nicolae_qazlal_eye_of_the_storm
D:4:      lemuel_temple_firewalk_a, uniq_robin, uniq_crazy_yiuf_cottage
D:5:      nicolae_ru_great_annihilating_truth, cheibriados_altar_1
D:6:      lemuel_doored_altar, guppyfry_shop_venom, uniq_duvessa
Temple:   oiseaux_autumnal_temple

Skill      XL: |  1  2  3  4  5  6  7  8 |
---------------+-------------------------+-----
Conjurations   | 2 3 4 5 6 8 9 |  9.7
Spellcasting   | 5 6 7 8 9 |  9.0
Dodging        | |  2.5
Stealth        | |  2.4
Summonings     | |  1.1
Translocations | |  1.1

Action                   |  1- 3 |  4- 6 |  7- 9 || total
-------------------------+-------+-------+-------++-------
Melee: Staff             |       |     4 |     1 ||     5
 Cast: Magic Dart        |    87 |   166 |   145 ||   398
       Call Imp          |       |     3 |     7 ||    10
       Mephitic Cloud    |       |     2 |     1 ||     3
  Use: Potion            |       |       |     1 ||     1
  Eat: Chunk             |     3 |     6 |     5 ||    14
       Bread ration      |       |     1 |       ||     1
Armor: Robe              |     8 |     6 |     6 ||    20
       Ring mail         |       |    12 |       ||    12
Dodge: Dodged            |    22 |    41 |    50 ||   113
